SA
WALLA WALLA WALLEYE @ CONNETQUOT CHIEFS
06/04/2021
 
TOP OF THE 1ST
Walla Walla Walleye batting - Pitching for Connetquot Chiefs : RHP Mark Bell
Pitching: RHP Mark Bell
Batting: LHB Eugene Henson 0-0: Ball
1-0: Called Strike
1-1: Ground out 6-3 (Groundball, 6M)
Batting: RHB Chris Woodruff 0-0: Fly out, F9 (Flyball, 9S)
Batting: LHB José Ríos 0-0: Swinging Strike
0-1: Ball
1-1: Fly out, F7 (Flyball, 78M)
Top of the 1st over - 0 run(s), 0 hit(s), 0 error(s), 0 left on base; Walla Walla 0 - Connetquot 0
BOTTOM OF THE 1ST
Connetquot Chiefs batting - Pitching for Walla Walla Walleye : RHP Ismael Soto
Pitching: RHP Ismael Soto
Batting: SHB Rúbem Corvo 0-0: Ball
1-0: Fly out, F9 (Flyball, 9S)
Batting: LHB Keith Alexander 0-0: Called Strike
0-1: Swinging Strike
0-2: Foul Ball, location: 2F
0-2: Ground out 6-3 (Groundball, 6M)
Batting: RHB Fernando Moreno 0-0: Called Strike
0-1: Ball
1-1: DOUBLE (Flyball, 8LXD)
Batting: RHB António Domínguez 0-0: Called Strike
0-1: Ball
1-1: Called Strike
1-2: Ball
2-2: Fly out, F7 (Flyball, 7D)
Bottom of the 1st over - 0 run(s), 1 hit(s), 0 error(s), 1 left on base; Walla Walla 0 - Connetquot 0
TOP OF THE 2ND
Walla Walla Walleye batting - Pitching for Connetquot Chiefs : RHP Mark Bell
Batting: LHB Wilson Horton 0-0: Ball
1-0: Called Strike
1-1: Foul Ball, location: 2F
1-2: Ball
2-2: Foul Ball, location: 2F
2-2: Strikes out swinging
Batting: RHB Jorge Arreola 0-0: Foul Ball, location: 2F
0-1: Foul Ball, location: 2F
0-2: Strikes out swinging
Batting: RHB Kazu Hishida 0-0: Ball
1-0: SINGLE (Line Drive, 8LS)
Batting: RHB Frank Crocker 0-0: Called Strike
0-1: Fly out, F7 (Flyball, 78S)
Top of the 2nd over - 0 run(s), 1 hit(s), 0 error(s), 1 left on base; Walla Walla 0 - Connetquot 0
BOTTOM OF THE 2ND
Connetquot Chiefs batting - Pitching for Walla Walla Walleye : RHP Ismael Soto
Batting: RHB José Magana 0-0: Called Strike
0-1: Ball
1-1: Foul Ball, location: 2F
1-2: Ball
2-2: Foul Ball, location: 2F
2-2: Foul Ball, location: 2F
2-2: Ball
3-2: Foul Ball, location: 2F
3-2: Base on Balls
Batting: SHB Antonio Vaccarini 0-0: Ball
1-0: Swinging Strike
1-1: Foul Ball, location: 2F
1-2: Ball
2-2: Foul Ball, location: 2F
2-2: Strikes out swinging
Batting: RHB Juan Salinas 0-0: Swinging Strike
0-1: Ball
1-1: Reached on error, E5 (Groundball, 56)
José Magana to second
Batting: RHB Fred Burt 0-0: Ball
1-0: Grounds into double play, 6-4-3 (Groundball, 6)
Bottom of the 2nd over - 0 run(s), 0 hit(s), 1 error(s), 1 left on base; Walla Walla 0 - Connetquot 0
TOP OF THE 3RD
Walla Walla Walleye batting - Pitching for Connetquot Chiefs : RHP Mark Bell
Batting: RHB Luis Campos 0-0: Ball
1-0: SINGLE (Line Drive, 56)
Batting: RHB Keith Newbold 0-0: Foul Ball, location: 2F
0-1: Foul Ball, location: 2F
0-2: Strikes out looking
Batting: LHB Eugene Henson 0-0: Fielders Choice at 2nd, 4-6 (Groundball, 4)
Batting: RHB Chris Woodruff 0-0: Ball
1-0: Called Strike
Eugene Henson steals 2nd base
1-1: Ball
2-1: Foul Ball, location: 2F
2-2: Strikes out swinging
Top of the 3rd over - 0 run(s), 1 hit(s), 0 error(s), 1 left on base; Walla Walla 0 - Connetquot 0
BOTTOM OF THE 3RD
Connetquot Chiefs batting - Pitching for Walla Walla Walleye : RHP Ismael Soto
Batting: RHB Rafael Canseco 0-0: Foul Ball, location: 2F
0-1: Foul Ball, location: 2F
0-2: Strikes out swinging
Batting: SHB Rúbem Corvo 0-0: Ball
1-0: Called Strike
1-1: Called Strike
1-2: Foul Ball, location: 2F
1-2: Foul Ball, location: 2F
1-2: Ball
2-2: Fly out, F4 (Line Drive, 4)
Batting: LHB Keith Alexander 0-0: Called Strike
0-1: Swinging Strike
0-2: Foul Ball, location: 2F
0-2: Foul Ball, location: 2F
0-2: Strikes out looking
Bottom of the 3rd over - 0 run(s), 0 hit(s), 0 error(s), 0 left on base; Walla Walla 0 - Connetquot 0
TOP OF THE 4TH
Walla Walla Walleye batting - Pitching for Connetquot Chiefs : RHP Mark Bell
Batting: LHB José Ríos 0-0: Called Strike
0-1: Fly out, F1 (Line Drive, 13)
Batting: LHB Wilson Horton 0-0: Swinging Strike
0-1: Ball
1-1: Foul Ball, location: 2F
1-2: Ball
2-2: SINGLE (Line Drive, 6MD)
Batting: RHB Jorge Arreola 0-0: Grounds into double play, 6-4-3 (Groundball, 6)
Top of the 4th over - 0 run(s), 1 hit(s), 0 error(s), 0 left on base; Walla Walla 0 - Connetquot 0
BOTTOM OF THE 4TH
Connetquot Chiefs batting - Pitching for Walla Walla Walleye : RHP Ismael Soto
Batting: RHB Fernando Moreno 0-0: Called Strike
0-1: Foul Ball, location: 2F
0-2: Foul Ball, location: 2F
0-2: Ball
1-2: Ball
2-2: Ball
3-2: Fly out, F7 (Flyball, 78S)
Batting: RHB António Domínguez 0-0: Called Strike
0-1: Ball
1-1: Foul Ball, location: 2F
1-2: Strikes out swinging
Batting: RHB José Magana 0-0: Ball
1-0: Fly out, F3 (Popup, 3F)
Bottom of the 4th over - 0 run(s), 0 hit(s), 0 error(s), 0 left on base; Walla Walla 0 - Connetquot 0
TOP OF THE 5TH
Walla Walla Walleye batting - Pitching for Connetquot Chiefs : RHP Mark Bell
Batting: RHB Kazu Hishida 0-0: Called Strike
0-1: Swinging Strike
0-2: Foul Ball, location: 2F
0-2: Foul Ball, location: 2F
0-2: DOUBLE (Line Drive, 7LM)
Batting: RHB Frank Crocker 0-0: Called Strike
0-1: Ball
1-1: Called Strike
1-2: Ball
2-2: Foul Ball, location: 2F
2-2: Ball
3-2: Foul Ball, location: 2F
3-2: Fly out, F4 (Popup, 4M)
Batting: RHB Luis Campos 0-0: Foul Ball, location: 2F
0-1: Fly out, F7 (Flyball, 78M)
Batting: RHB Keith Newbold 0-0: Ball
1-0: Swinging Strike
1-1: Foul Ball, location: 2F
1-2: Ball
2-2: Foul Ball, location: 2F
2-2: Strikes out swinging
Top of the 5th over - 0 run(s), 1 hit(s), 0 error(s), 1 left on base; Walla Walla 0 - Connetquot 0
BOTTOM OF THE 5TH
Connetquot Chiefs batting - Pitching for Walla Walla Walleye : RHP Ismael Soto
Batting: SHB Antonio Vaccarini 0-0: Foul Ball, location: 2F
0-1: Ball
1-1: Swinging Strike
1-2: Strikes out swinging
Batting: RHB Juan Salinas 0-0: Called Strike
0-1: Ball
1-1: Foul Ball, location: 2F
1-2: Ball
2-2: Strikes out swinging
Batting: RHB Fred Burt 0-0: Foul Ball, location: 2F
0-1: DOUBLE (Line Drive, 89S)
Batting: RHB Rafael Canseco 0-0: Foul Ball, location: 2F
0-1: Foul Ball, location: 2F
0-2: Ball
1-2: Fly out, F4 (Popup, 4)
Bottom of the 5th over - 0 run(s), 1 hit(s), 0 error(s), 1 left on base; Walla Walla 0 - Connetquot 0
TOP OF THE 6TH
Walla Walla Walleye batting - Pitching for Connetquot Chiefs : RHP Mark Bell
Batting: LHB Eugene Henson 0-0: SINGLE (Groundball, 34D)
Batting: RHB Chris Woodruff 0-0: Called Strike
Eugene Henson steals 2nd base
0-1: Called Strike
0-2: Fly out, F4 (Line Drive, 4)
Batting: LHB José Ríos 0-0: Called Strike
0-1: Ball
Eugene Henson is caught stealing 3rd base
1-1: Ball
2-1: Foul Ball, location: 2F
2-2: Foul Ball, location: 2F
2-2: Ball
3-2: SINGLE (Groundball, 4M)
Batting: LHB Wilson Horton 0-0: Called Strike
0-1: Called Strike
0-2: Ball
1-2: Strikes out swinging
Top of the 6th over - 0 run(s), 2 hit(s), 0 error(s), 1 left on base; Walla Walla 0 - Connetquot 0
BOTTOM OF THE 6TH
Connetquot Chiefs batting - Pitching for Walla Walla Walleye : RHP Ismael Soto
Batting: SHB Rúbem Corvo 0-0: Bunted foul
0-1: Ball
1-1: SOLO HOME RUN (Flyball, 9D), Distance : 406 ft
Batting: LHB Keith Alexander 0-0: Swinging Strike
0-1: Foul Ball, location: 2F
0-2: Ball
1-2: Strikes out swinging
Batting: RHB Fernando Moreno 0-0: Ball
1-0: Ball
2-0: Ball
3-0: Called Strike
3-1: Called Strike
3-2: Foul Ball, location: 2F
3-2: Strikes out looking
Batting: RHB António Domínguez 0-0: Called Strike
0-1: Fly out, F9 (Flyball, 9D)
Bottom of the 6th over - 1 run(s), 1 hit(s), 0 error(s), 0 left on base; Walla Walla 0 - Connetquot 1
TOP OF THE 7TH
Walla Walla Walleye batting - Pitching for Connetquot Chiefs : RHP Mark Bell
Batting: RHB Jorge Arreola 0-0: Ball
1-0: Fly out, F8 (Flyball, 78XD)
Batting: RHB Kazu Hishida 0-0: Ball
1-0: Ball
2-0: Foul Ball, location: 2F
2-1: Foul Ball, location: 2F
2-2: Ball
3-2: SINGLE (Flyball, 8LM)
Pinch Hitting: LHB César Muñóz 0-0: Called Strike
0-1: Called Strike
0-2: Ball
1-2: Strikes out swinging
Pinch Hitting: RHB Álex Estrada 0-0: Hit by Pitch
Kazu Hishida to second
Batting: RHB Keith Newbold 0-0: Ball
1-0: Ball
2-0: SINGLE (Line Drive, 56)
Kazu Hishida to third
Álex Estrada to second
Runner from 3rd tries for Home, SAFE, no throw or cutoff
Batting: LHB Eugene Henson 0-0: Ball
1-0: Ball
2-0: Called Strike
2-1: SINGLE (Groundball, 4M) (infield hit)
Álex Estrada to third
Keith Newbold to second
Batting: RHB Chris Woodruff 0-0: Ball
1-0: Fielders Choice at 2nd, 5-4 (Groundball, 5)
Top of the 7th over - 1 run(s), 3 hit(s), 0 error(s), 2 left on base; Walla Walla 1 - Connetquot 1
BOTTOM OF THE 7TH
Connetquot Chiefs batting - Pitching for Walla Walla Walleye : RHP Ismael Soto
Now at 1B: Warren Willis
Now at 3B: César Muñóz
Batting: RHB José Magana 0-0: Foul Ball, location: 2F
0-1: Fly out, F9 (Flyball, 89M)
Batting: SHB Antonio Vaccarini 0-0: Ball
1-0: Ground out 4-3 (Groundball, 4)
Pinch Hitting: RHB Jim Unknown 0-0: Ball
1-0: Called Strike
1-1: Called Strike
1-2: Foul Ball, location: 2F
1-2: Strikes out swinging
Bottom of the 7th over - 0 run(s), 0 hit(s), 0 error(s), 0 left on base; Walla Walla 1 - Connetquot 1
TOP OF THE 8TH
Walla Walla Walleye batting - Pitching for Connetquot Chiefs : RHP Mark Bell
Now at 2B: Gustavo Rodríguez
Batting: LHB José Ríos 0-0: Swinging Strike
0-1: Ball
1-1: Ball
2-1: SINGLE (Groundball, 34)
Batting: LHB Wilson Horton 0-0: Ball
1-0: Fly out, F8 (Flyball, 8RD)
Batting: RHB Jorge Arreola 0-0: Ball
1-0: Called Strike
1-1: Ball
José Ríos is caught stealing 2nd base
2-1: Foul Ball, location: 2F
2-2: SINGLE (Line Drive, 6MD)
Pitching: RHP Jim Unknown
Pinch Hitting: LHB Miguel Zúñiga 0-0: Fly out, F5 (Popup, 5D)
Top of the 8th over - 0 run(s), 2 hit(s), 0 error(s), 1 left on base; Walla Walla 1 - Connetquot 1
BOTTOM OF THE 8TH
Connetquot Chiefs batting - Pitching for Walla Walla Walleye : RHP Ismael Soto
Pitching: RHP Jim Unknown
Now at 2B: Miguel Cruz
Batting: RHB Fred Burt 0-0: Called Strike
0-1: Ball
1-1: Swinging Strike
1-2: Strikes out looking
Batting: RHB Rafael Canseco 0-0: Ball
1-0: Called Strike
1-1: Swinging Strike
1-2: Ball
2-2: Strikes out looking
Batting: SHB Rúbem Corvo 0-0: SINGLE (Groundball, 4MD)
Batting: LHB Keith Alexander 0-0: Ball
1-0: Ball
2-0: Ball
3-0: Called Strike
3-1: Called Strike
3-2: Foul Ball, location: 2F
3-2: Strikes out looking
Bottom of the 8th over - 0 run(s), 1 hit(s), 0 error(s), 1 left on base; Walla Walla 1 - Connetquot 1
TOP OF THE 9TH
Walla Walla Walleye batting - Pitching for Connetquot Chiefs : RHP Jim Unknown
Pitching: RHP Jim Unknown
Batting: LHB César Muñóz 0-0: Foul Ball, location: 2F
0-1: Ball
1-1: Called Strike
1-2: Ball
2-2: Ball
3-2: Foul Ball, location: 2F
3-2: Foul Ball, location: 2F
3-2: Strikes out swinging
Batting: RHB Warren Willis 0-0: Ball
1-0: Swinging Strike
1-1: Called Strike
1-2: Foul Ball, location: 2F
1-2: Ball
2-2: Ground out U3 (Groundball, 3)
Batting: RHB Keith Newbold 0-0: Ball
1-0: Hit by Pitch
Batting: LHB Eugene Henson 0-0: Swinging Strike
0-1: Called Strike
Keith Newbold is caught stealing 2nd base
Top of the 9th over - 0 run(s), 0 hit(s), 0 error(s), 0 left on base; Walla Walla 1 - Connetquot 1
BOTTOM OF THE 9TH
Connetquot Chiefs batting - Pitching for Walla Walla Walleye : RHP Jim Unknown
Pitching: LHP Jim Unknown
Pinch Hitting: RHB Jim Unknown 0-0: Called Strike
0-1: Ball
1-1: Swinging Strike
1-2: Strikes out swinging
Pinch Hitting: RHB Miguel Rodríguez 0-0: Called Strike
0-1: Ball
1-1: Ball
2-1: Called Strike
2-2: Foul Ball, location: 2F
2-2: Strikes out swinging
Batting: RHB José Magana 0-0: Called Strike
0-1: Ball
1-1: Swinging Strike
1-2: Strikes out swinging
Bottom of the 9th over - 0 run(s), 0 hit(s), 0 error(s), 0 left on base; Walla Walla 1 - Connetquot 1
TOP OF THE 10TH
Walla Walla Walleye batting - Pitching for Connetquot Chiefs : RHP Jim Unknown
Now at 2B: Jim Unknown
Now in RF: Miguel Rodríguez
Batting: LHB Eugene Henson 0-0: Ball
1-0: Ball
2-0: Fly out, F7 (Flyball, 78M)
Batting: RHB Chris Woodruff 0-0: Ball
1-0: Ball
2-0: Fly out, F3 (Popup, 34)
Batting: LHB José Ríos 0-0: Called Strike
0-1: Ball
1-1: Ball
2-1: Swinging Strike
2-2: Ball
3-2: Strikes out swinging
Top of the 10th over - 0 run(s), 0 hit(s), 0 error(s), 0 left on base; Walla Walla 1 - Connetquot 1
BOTTOM OF THE 10TH
Connetquot Chiefs batting - Pitching for Walla Walla Walleye : LHP Jim Unknown
Batting: SHB Antonio Vaccarini 0-0: Foul Ball, location: 2F
0-1: Ball
1-1: Ball
2-1: Fly out, F8 (Flyball, 8RM)
Batting: RHB Gustavo Rodríguez 0-0: Called Strike
0-1: Fly out, F3 (Popup, 3F)
Batting: RHB Fred Burt 0-0: Ball
1-0: Ground out 1-3 (Groundball, 15)
Bottom of the 10th over - 0 run(s), 0 hit(s), 0 error(s), 0 left on base; Walla Walla 1 - Connetquot 1
TOP OF THE 11TH
Walla Walla Walleye batting - Pitching for Connetquot Chiefs : RHP Jim Unknown
Pitching: RHP Juan Sánchez
Batting: LHB Wilson Horton 0-0: Called Strike
0-1: Fly out, F8 (Line Drive, 8LM)
Batting: RHB Jorge Arreola 0-0: Ball
1-0: Swinging Strike
1-1: DOUBLE (Groundball, 5L)
Pinch Hitting: RHB Sergio Cortéz 0-0: Foul Ball, location: 2F
0-1: Ball
1-1: Ground out 3-1 (Groundball, 34)
Jorge Arreola to third
Batting: LHB César Muñóz 0-0: Ball
1-0: Called Strike
1-1: Ball
2-1: Foul Ball, location: 2F
2-2: Strikes out swinging
Top of the 11th over - 0 run(s), 1 hit(s), 0 error(s), 1 left on base; Walla Walla 1 - Connetquot 1
BOTTOM OF THE 11TH
Connetquot Chiefs batting - Pitching for Walla Walla Walleye : LHP Jim Unknown
Pitching: LHP Jim Unknown
Now in CF: Sergio Cortéz
Batting: RHB Rafael Canseco 0-0: Ball
1-0: Ball
2-0: Called Strike
2-1: Foul Ball, location: 2F
2-2: Fly out, F8 (Flyball, 8LM)
Batting: SHB Rúbem Corvo 0-0: Ball
1-0: Called Strike
1-1: Called Strike
1-2: Ball
2-2: Ball
3-2: Strikes out looking
Batting: LHB Keith Alexander 0-0: Ball
1-0: Called Strike
1-1: Ball
2-1: Foul Ball, location: 2F
2-2: Strikes out looking
Bottom of the 11th over - 0 run(s), 0 hit(s), 0 error(s), 0 left on base; Walla Walla 1 - Connetquot 1
TOP OF THE 12TH
Walla Walla Walleye batting - Pitching for Connetquot Chiefs : RHP Juan Sánchez
Pinch Hitting: RHB Pedro Silva 0-0: Swinging Strike
0-1: Foul Ball, location: 2F
0-2: Strikes out looking
Batting: RHB Keith Newbold 0-0: Ball
1-0: Called Strike
1-1: Foul Ball, location: 2F
1-2: Ball
2-2: Ball
3-2: Foul Ball, location: 2F
3-2: Strikes out swinging
Batting: LHB Eugene Henson 0-0: Ground out 6-3 (Groundball, 6)
Top of the 12th over - 0 run(s), 0 hit(s), 0 error(s), 0 left on base; Walla Walla 1 - Connetquot 1
BOTTOM OF THE 12TH
Connetquot Chiefs batting - Pitching for Walla Walla Walleye : LHP Jim Unknown
Now at C: Pedro Silva
Batting: RHB Jim Unknown 0-0: Swinging Strike
0-1: Swinging Strike
0-2: Fly out, F5 (Line Drive, 5S)
Batting: RHB Miguel Rodríguez 0-0: Called Strike
0-1: Called Strike
0-2: Ball
1-2: Strikes out swinging
Batting: RHB José Magana 0-0: Ball
1-0: Foul Ball, location: 2F
1-1: Foul Ball, location: 2F
1-2: Ball
2-2: Strikes out swinging
Bottom of the 12th over - 0 run(s), 0 hit(s), 0 error(s), 0 left on base; Walla Walla 1 - Connetquot 1
TOP OF THE 13TH
Walla Walla Walleye batting - Pitching for Connetquot Chiefs : RHP Juan Sánchez
Pitching: RHP Raúl Gálvez
Batting: RHB Chris Woodruff 0-0: Foul Ball, location: 2F
0-1: Swinging Strike
0-2: Strikes out swinging
Batting: LHB José Ríos 0-0: Called Strike
0-1: Foul Ball, location: 2F
0-2: Fly out, F7 (Flyball, 7LM)
Batting: LHB Wilson Horton 0-0: Ball
1-0: Ball
2-0: Called Strike
2-1: Ball
3-1: Base on Balls
Batting: RHB Jorge Arreola 0-0: Fielders Choice at 2nd, 6-4 (Groundball, 56)
Top of the 13th over - 0 run(s), 0 hit(s), 0 error(s), 0 left on base; Walla Walla 1 - Connetquot 1
BOTTOM OF THE 13TH
Connetquot Chiefs batting - Pitching for Walla Walla Walleye : LHP Jim Unknown
Batting: SHB Antonio Vaccarini 0-0: SINGLE (Groundball, 6M)
Batting: RHB Gustavo Rodríguez 0-0: Bunt missed!
0-1: Reached on error, E1 (Groundball, 15)
Antonio Vaccarini to third
Batting: RHB Fred Burt 0-0: Ball
1-0: Called Strike
1-1: Reached on error, E6 (Groundball, 6)
Antonio Vaccarini scores
This league is powered by Out of the Park Baseball, the baseball management simulation game for PC, Mac and Linux
Friday, January 22nd, 2016 - OOTP Baseball 16.9 Build 39